PAAA
HOUSTON BC @ MILTON DOGFISH HEAD
09/13/2029
 
TOP OF THE 1ST
Houston BC batting - Pitching for Milton Dogfish Head : RHP Juan Lara
Pitching: RHP Juan Lara
Batting: RHB Habbo Allaart 0-0: Ball
1-0: Called Strike
1-1: Fly out, F8 (Flyball, 8RD)
Batting: RHB Alfredo Mojica 0-0: Called Strike
0-1: Swinging Strike
0-2: Foul Ball, location: 2F
0-2: Ball
1-2: Foul Ball, location: 2F
1-2: Hit by Pitch
Batting: RHB António López 0-0: Foul Ball, location: 2F
0-1: Ball
1-1: Swinging Strike
1-2: Ball
2-2: Fly out, F9 (Flyball, 9LS)
Batting: LHB Dawit Lihalakha 0-0: Ball
1-0: Ball
2-0: Called Strike
2-1: Ground out 6-3 (Groundball, 6)
Top of the 1st over - 0 runs, 0 hits, 0 errors, 1 left on base; Houston 0 - Milton 0
BOTTOM OF THE 1ST
Milton Dogfish Head batting - Pitching for Houston BC : RHP Ramón Ortega
Pitching: RHP Ramón Ortega
Batting: RHB JoJo Victory 0-0: Ball
1-0: Foul Ball, location: 2F
1-1: Ball
2-1: Foul Ball, location: 2F
2-2: SINGLE (Flyball, 89S)
Batting: SHB Enrique Costello 0-0: Ball
JoJo Victory steals 2nd base
1-0: SINGLE (Groundball, 34D)
JoJo Victory to third
Runner from 3rd tries for Home, SAFE, throw made home
Now in RF: Raúl Trevino
Batting: LHB Víctor Robledo 0-0: Ball
1-0: Fly out, F5 (Popup, 15S)
Batting: RHB Paco Muñóz 0-0: 2-RUN HOME RUN (Flyball, 7D), Distance : 422 ft
Batting: LHB Floyd Long 0-0: Ball
1-0: Fly out, F7 (Line Drive, 7LD)
Batting: RHB Luis Alomar 0-0: Ball
1-0: Swinging Strike
1-1: Called Strike
1-2: Foul Ball, location: 2F
1-2: Ball
2-2: Foul Ball, location: 2F
2-2: Ball
3-2: SINGLE (Groundball, 6D)
Batting: RHB Miguel Montoya 0-0: Called Strike
0-1: Ball
1-1: Ball
2-1: Ball
3-1: Swinging Strike
3-2: SINGLE (Groundball, 56D)
Luis Alomar to second
Luis Alomar to third
Batting: LHB Edward Woodstock 0-0: Ball
1-0: Ball
2-0: Ball
3-0: Called Strike
3-1: Foul Ball, location: 2F
3-2: Foul Ball, location: 2F
3-2: Foul Ball, location: 2F
3-2: Base on Balls
Miguel Montoya to second
Batting: RHB Lorenzo Rosas 0-0: Called Strike
0-1: SINGLE (Groundball, 56D)
Luis Alomar scores
Miguel Montoya to third
Edward Woodstock to second
Runner from 3rd tries for Home, SAFE, no throw
Batting: RHB JoJo Victory 0-0: Called Strike
0-1: Fly out, F7 (Flyball, 7LS)
Bottom of the 1st over - 5 runs, 6 hits, 0 errors, 2 left on base; Houston 0 - Milton 5
TOP OF THE 2ND
Houston BC batting - Pitching for Milton Dogfish Head : RHP Juan Lara
Batting: LHB Raúl Trevino 0-0: Fly out, F9 (Flyball, 9)
Batting: LHB Álex Ramírez 0-0: Swinging Strike
0-1: Ball
1-1: Called Strike
1-2: Ball
2-2: Ground out 5-3 (Groundball, 56S)
Batting: RHB Clarence Fox 0-0: Ball
1-0: Foul Ball, location: 2F
1-1: Called Strike
1-2: SINGLE (Groundball, 6D)
Batting: RHB Tyler Utterback 0-0: Ball
1-0: Called Strike
1-1: Foul Ball, location: 2F
1-2: Foul Ball, location: 2F
1-2: Strikes out swinging
Top of the 2nd over - 0 runs, 1 hit, 0 errors, 1 left on base; Houston 0 - Milton 5
BOTTOM OF THE 2ND
Milton Dogfish Head batting - Pitching for Houston BC : RHP Ramón Ortega
Batting: SHB Enrique Costello 0-0: SINGLE (Groundball, 34D)
Batting: LHB Víctor Robledo 0-0: Ball
1-0: Foul Ball, location: 2F
1-1: Ball
2-1: Ground out 3-1 (Groundball, 34S)
Enrique Costello to second
Batting: RHB Paco Muñóz 0-0: Ball
1-0: Foul Ball, location: 2F
1-1: Foul Ball, location: 2F
1-2: Ball
2-2: Foul Ball, location: 2F
2-2: Foul Ball, location: 2F
2-2: Fly out, F8 (Flyball, 8RS)
Batting: LHB Floyd Long 0-0: SINGLE (Groundball, 56D)
Enrique Costello to third
Runner from 3rd tries for Home, SAFE, no throw
Batting: RHB Luis Alomar 0-0: Fly out, F7 (Flyball, 78M)
Bottom of the 2nd over - 1 run, 2 hits, 0 errors, 1 left on base; Houston 0 - Milton 6
TOP OF THE 3RD
Houston BC batting - Pitching for Milton Dogfish Head : RHP Juan Lara
Batting: RHB George Zeek 0-0: Called Strike
0-1: Ground out 4-3 (Groundball, 34)
Batting: RHB Habbo Allaart 0-0: Ball
1-0: Ball
2-0: Called Strike
2-1: Ball
3-1: Foul Ball, location: 2F
3-2: Ground out U3 (Groundball, 3L)
Batting: RHB Alfredo Mojica 0-0: Ball
1-0: Ball
2-0: Ball
3-0: Called Strike
3-1: Ground out 5-3 (Groundball, 5)
Top of the 3rd over - 0 runs, 0 hits, 0 errors, 0 left on base; Houston 0 - Milton 6
BOTTOM OF THE 3RD
Milton Dogfish Head batting - Pitching for Houston BC : RHP Ramón Ortega
Batting: RHB Miguel Montoya 0-0: Ball
1-0: Foul Ball, location: 2F
1-1: Called Strike
1-2: Foul Ball, location: 2F
1-2: Foul Ball, location: 2F
1-2: Ball
2-2: Foul Ball, location: 2F
2-2: Ground out 5-3 (Groundball, 56)
Batting: LHB Edward Woodstock 0-0: Ball
1-0: SINGLE (Line Drive, 89S)
Batting: RHB Lorenzo Rosas 0-0: Ball
1-0: Foul Ball, location: 2F
1-1: Called Strike
Edward Woodstock steals 2nd base
1-2: Ball
2-2: DOUBLE (Flyball, 78D)
Edward Woodstock scores
Batting: RHB JoJo Victory 0-0: Called Strike
0-1: Ball
1-1: Foul Ball, location: 2F
1-2: Fly out, F7 (Line Drive, 7D)
Runner from 2nd tags up, SAFE at 3rd, no throw
Batting: SHB Enrique Costello 0-0: Ball
1-0: Foul Ball, location: 2F
1-1: Reached on error, E4 (Groundball, 4M)
Lorenzo Rosas scores
Batting: LHB Víctor Robledo 0-0: Ball
Wild Pitch!
Enrique Costello to third
1-0: Called Strike
1-1: SINGLE (Line Drive, 4MD)
Enrique Costello scores
Batting: RHB Paco Muñóz 0-0: Ball
1-0: Called Strike
1-1: Ground out 5-3 (Groundball, 56S)
Bottom of the 3rd over - 3 runs, 3 hits, 1 error, 1 left on base; Houston 0 - Milton 9
TOP OF THE 4TH
Houston BC batting - Pitching for Milton Dogfish Head : RHP Juan Lara
Batting: RHB António López 0-0: Ball
1-0: Ball
2-0: Ball
3-0: Base on Balls
Batting: LHB Dawit Lihalakha 0-0: Foul Ball, location: 2F
0-1: Ball
1-1: Foul Ball, location: 2F
1-2: SINGLE (Line Drive, 6D)
António López to second
Batting: LHB Raúl Trevino 0-0: Fly out, F5 (Popup, 25F)
Batting: LHB Álex Ramírez 0-0: Ball
1-0: Ball
2-0: Ball
3-0: Called Strike
3-1: Foul Ball, location: 2F
3-2: Foul Ball, location: 2F
3-2: Strikes out swinging
Batting: RHB Clarence Fox 0-0: Called Strike
0-1: Ball
1-1: Ground out 1-3 (Groundball, 13S)
Top of the 4th over - 0 runs, 1 hit, 0 errors, 2 left on base; Houston 0 - Milton 9
BOTTOM OF THE 4TH
Milton Dogfish Head batting - Pitching for Houston BC : RHP Ramón Ortega
Batting: LHB Floyd Long 0-0: Ball
1-0: Ground out 4-3 (Groundball, 4)
Batting: RHB Luis Alomar 0-0: Ball
1-0: DOUBLE (Flyball, 78D)
Batting: RHB Miguel Montoya 0-0: Ball
1-0: Ball
2-0: Ball
3-0: Base on Balls
Batting: LHB Edward Woodstock 0-0: Ball
1-0: Fly out, F9 (Flyball, 9S)
Batting: RHB Lorenzo Rosas 0-0: Ball
1-0: Fielders Choice at 2nd, 5-4 (Groundball, 56)
Bottom of the 4th over - 0 runs, 1 hit, 0 errors, 2 left on base; Houston 0 - Milton 9
TOP OF THE 5TH
Houston BC batting - Pitching for Milton Dogfish Head : RHP Juan Lara
Batting: RHB Tyler Utterback 0-0: Foul Ball, location: 2F
0-1: Ball
1-1: Foul Ball, location: 2F
1-2: Ball
2-2: Foul Ball, location: 2F
2-2: Foul Ball, location: 2F
2-2: Foul Ball, location: 2F
2-2: Ball
3-2: Ground out 1-3 (Groundball, P)
Batting: RHB George Zeek 0-0: Hit by Pitch
Batting: RHB Habbo Allaart 0-0: Called Strike
0-1: Called Strike
George Zeek steals 2nd base
0-2: Ball
1-2: Foul Ball, location: 2F
1-2: Ground out 6-3 (Groundball, 56)
Batting: RHB Alfredo Mojica 0-0: Ball
1-0: Ball
2-0: SINGLE (Groundball, 5D)
George Zeek to third
Runner from 3rd tries for Home, SAFE, throw made home
Batting: RHB António López 0-0: Foul Ball, location: 2F
0-1: Foul Ball, location: 2F
0-2: Foul Ball, location: 2F
0-2: Strikes out swinging
Top of the 5th over - 1 run, 1 hit, 0 errors, 1 left on base; Houston 1 - Milton 9
BOTTOM OF THE 5TH
Milton Dogfish Head batting - Pitching for Houston BC : RHP Ramón Ortega
Batting: RHB JoJo Victory 0-0: Fly out, F8 (Flyball, 8RD)
Batting: SHB Enrique Costello 0-0: Ball
1-0: Called Strike
1-1: Called Strike
1-2: SINGLE (Groundball, 56D)
Batting: LHB Víctor Robledo 0-0: Ball
1-0: Called Strike
1-1: Called Strike
1-2: Foul Ball, location: 2F
1-2: Ball
2-2: Ball
3-2: Fielders Choice at 2nd, 1-6 (Groundball, 13S)
Batting: RHB Paco Muñóz 0-0: Foul Ball, location: 2F
0-1: Foul Ball, location: 2F
0-2: Foul Ball, location: 2F
0-2: Foul Ball, location: 2F
0-2: Foul Ball, location: 2F
0-2: Foul Ball, location: 2F
0-2: Foul Ball, location: 2F
0-2: Ball
Víctor Robledo steals 2nd base
1-2: Ball
2-2: Ball
3-2: Foul Ball, location: 2F
3-2: SINGLE (Flyball, 9LS)
Víctor Robledo to third
Víctor Robledo scores
Batting: LHB Floyd Long 0-0: Ball
1-0: Ground out 1-3 (Groundball, P)
Bottom of the 5th over - 1 run, 2 hits, 0 errors, 1 left on base; Houston 1 - Milton 10
TOP OF THE 6TH
Houston BC batting - Pitching for Milton Dogfish Head : RHP Juan Lara
Batting: LHB Dawit Lihalakha 0-0: Foul Ball, location: 2F
0-1: Ground out U3 (Groundball, 34)
Batting: LHB Raúl Trevino 0-0: Ball
1-0: SINGLE (Groundball, 34D)
Batting: LHB Álex Ramírez 0-0: Ball
1-0: Ball
2-0: Ball
3-0: Base on Balls
Raúl Trevino to second
Batting: RHB Clarence Fox 0-0: Called Strike
Raúl Trevino steals 3rd base
Álex Ramírez to second
0-1: Called Strike
0-2: Ball
1-2: Ball
2-2: Ground out 6-3 (Groundball, 6D)
Raúl Trevino scores
Pitching: RHP Manny Pérez
Batting: RHB Tyler Utterback 0-0: Foul Ball, location: 2F
0-1: Ball
1-1: Ground out 6-3 (Groundball, 6)
Top of the 6th over - 1 run, 1 hit, 0 errors, 1 left on base; Houston 2 - Milton 10
BOTTOM OF THE 6TH
Milton Dogfish Head batting - Pitching for Houston BC : RHP Ramón Ortega
Batting: RHB Luis Alomar 0-0: Ball
1-0: Ground out 6-3 (Groundball, 6)
Batting: RHB Miguel Montoya 0-0: SINGLE (Flyball, 8LS)
Pitching: LHP Stanton Miranda
Batting: LHB Edward Woodstock 0-0: Ball
1-0: Called Strike
1-1: Swinging Strike
1-2: Foul Ball, location: 2F
1-2: Ball
2-2: Ball
3-2: Foul Ball, location: 2F
3-2: Fly out, F7 (Flyball, 7LD)
Batting: RHB Lorenzo Rosas 0-0: Ball
1-0: SINGLE (Line Drive, 5L)
Miguel Montoya to second
Batting: RHB JoJo Victory 0-0: Swinging Strike
0-1: Ball
1-1: Ball
2-1: Fly out, F4 (Line Drive, 4M)
Bottom of the 6th over - 0 runs, 2 hits, 0 errors, 2 left on base; Houston 2 - Milton 10
TOP OF THE 7TH
Houston BC batting - Pitching for Milton Dogfish Head : RHP Manny Pérez
Batting: RHB George Zeek 0-0: Ground out 6-3 (Groundball, 6)
Batting: RHB Habbo Allaart 0-0: Called Strike
0-1: Swinging Strike
0-2: Hit by Pitch
Batting: RHB Alfredo Mojica 0-0: Ball
Habbo Allaart is caught stealing 2nd base
1-0: Called Strike
1-1: Ball
2-1: Foul Ball, location: 2F
2-2: Foul Ball, location: 2F
2-2: Foul Ball, location: 2F
2-2: Fly out, F8 (Flyball, 78M)
Top of the 7th over - 0 runs, 0 hits, 0 errors, 0 left on base; Houston 2 - Milton 10
BOTTOM OF THE 7TH
Milton Dogfish Head batting - Pitching for Houston BC : LHP Stanton Miranda
Batting: SHB Enrique Costello 0-0: Ground out U3 (Groundball, 34)
Batting: LHB Víctor Robledo 0-0: Ground out 4-3 (Groundball, 4)
Batting: RHB Paco Muñóz 0-0: Ball
1-0: Ball
2-0: Ball
3-0: Base on Balls
Batting: LHB Floyd Long 0-0: Foul Ball, location: 2F
0-1: Fly out, F6 (Popup, 6M)
Bottom of the 7th over - 0 runs, 0 hits, 0 errors, 1 left on base; Houston 2 - Milton 10
TOP OF THE 8TH
Houston BC batting - Pitching for Milton Dogfish Head : RHP Manny Pérez
Now at 1B: Rich Flannery
Batting: RHB António López 0-0: Ball
1-0: Ball
2-0: Foul Ball, location: 2F
2-1: Ball
3-1: Fly out, F9 (Line Drive, 89S)
Batting: LHB Dawit Lihalakha 0-0: Ball
1-0: Foul Ball, location: 2F
1-1: Called Strike
1-2: Ball
2-2: Ball
3-2: Strikes out swinging
Batting: LHB Raúl Trevino 0-0: Ball
1-0: Swinging Strike
1-1: Ball
2-1: Foul Ball, location: 2F
2-2: Foul Ball, location: 2F
2-2: Foul Ball, location: 2F
2-2: Ball
3-2: Base on Balls
Batting: LHB Álex Ramírez 0-0: Called Strike
0-1: Ball
1-1: Called Strike
1-2: Fielders Choice at 2nd, 5-4 (Groundball, 5)
Top of the 8th over - 0 runs, 0 hits, 0 errors, 1 left on base; Houston 2 - Milton 10
BOTTOM OF THE 8TH
Milton Dogfish Head batting - Pitching for Houston BC : LHP Stanton Miranda
Batting: RHB Luis Alomar 0-0: Ball
1-0: Called Strike
1-1: Ball
2-1: SINGLE (Line Drive, 7LS)
Batting: RHB Miguel Montoya 0-0: Ball
1-0: Ball
2-0: Ball
3-0: Foul Ball, location: 2F
3-1: Called Strike
3-2: Foul Ball, location: 2F
3-2: SINGLE (Flyball, 9S)
Luis Alomar to second
Runner from 2nd tries for 3rd, SAFE, no throw
Batting: LHB Edward Woodstock 0-0: Called Strike
0-1: Ball
1-1: Ball
2-1: Ball
3-1: Fly out, F7 (Flyball, 7S)
Batting: RHB Lorenzo Rosas 0-0: Called Strike
0-1: Foul Ball, location: 2F
0-2: Foul Ball, location: 2F
0-2: Ball
1-2: Ball
Miguel Montoya steals 2nd base
2-2: Foul Ball, location: 2F
2-2: Foul Ball, location: 2F
2-2: Foul Ball, location: 2F
2-2: SINGLE (Groundball, 56D)
Luis Alomar scores
Miguel Montoya to third
Runner from 3rd tries for Home, SAFE, throw made home
Batting: RHB JoJo Victory 0-0: Ball
1-0: Swinging Strike
1-1: Fly out, F8 (Flyball, 8LD)
Batting: SHB Enrique Costello 0-0: Called Strike
0-1: Fly out, F9 (Flyball, 9S)
Bottom of the 8th over - 2 runs, 3 hits, 0 errors, 1 left on base; Houston 2 - Milton 12
TOP OF THE 9TH
Houston BC batting - Pitching for Milton Dogfish Head : RHP Manny Pérez
Now at SS: David Sánchez
Batting: RHB Clarence Fox 0-0: Foul Ball, location: 2F
0-1: Fly out, F7 (Flyball, 78D)
Batting: RHB Tyler Utterback 0-0: Ball
1-0: Foul Ball, location: 2F
1-1: Ball
2-1: Ball
3-1: Swinging Strike
3-2: Strikes out looking
Batting: RHB George Zeek 0-0: Fly out, F8 (Flyball, 8RS)
Top of the 9th over - 0 runs, 0 hits, 0 errors, 0 left on base; Houston 2 - Milton 12
Tuesday, December 19th, 2017 - OOTP Baseball 18.8 Build 76